Unix NetHack Version 3.7.0-97 Work-in-progress - last build Jan 28 2024 15:41:29 (157cf090cb53e479d994ec1a4552202481ff9585,branch:master). Game began 2024-01-31 17:17:22, ended 2024-01-31 18:30:00. youngster, lawful female human Knight ------------ |.....(.>..+ |..........| ..)..@o....+ --.--------- # ## ## # # # -.-------- |........| |..<.....| |........| |........| |......... ---------- Youngster the Gallant St:14 Dx:8 Co:12 In:8 Wi:15 Ch:18 Lawful Dlvl:4 $:41 HP:0(16) Pw:4(4) AC:1 Xp:1/2 T:893 Latest messages: Hmmm, the large box turns out to be locked. # There is a locked large box here; force its lock? [ynq] (q) You force your long sword into a crack and pry. You succeed in forcing the lock. # t - a cream pie. You see here a long sword. u - a long sword. What do you want to name? [a-rtu or ?*] You see here a broken large box containing 1 item. # You put a long sword named !c into the large box. GRAPEFRUIT picks up a broken large box containing 2 items. You swap places with GRAPEFRUIT. GRAPEFRUIT drops a broken large box containing 2 items. You descend the stairs. GRAPEFRUIT hits it. GRAPEFRUIT bites it. It misses GRAPEFRUIT. GRAPEFRUIT misses the gnome. GRAPEFRUIT misses the gnome. GRAPEFRUIT hits it. You see here a key. v - a key. # What do you want to adjust? [a-rtv or ?*] Adjust letter to what [su-zA-Z] (? see used letters)? Swapping: e - a key. The gnome swings her bow. The gnome hits! GRAPEFRUIT misses it. GRAPEFRUIT misses it. Pick an object. * a gem or rock (a white gem) w - a white gem. You hear some noises. A crossbow bolt misses you. A crossbow bolt misses you. You step onto a level teleport trap! You feel disoriented. You materialize on a different level! You feel less confused now. You descend the stairs. The goblin throws an orcish dagger! You are hit by an orcish dagger. The goblin hits! You hit the goblin. The goblin hits! You die... Inventory: Coins ('$') $ - 41 gold pieces Weapons (')') c - 8 uncursed +0 shuriken a - an uncursed +1 long sword (weapon in left hand) b - an uncursed +1 lance (alternate weapon; not wielded) Armor ('[') d - an uncursed +0 helmet (being worn) f - an uncursed +0 pair of leather gloves (being worn) v - an uncursed +0 small shield (being worn) p - an uncursed +0 dwarvish mithril-coat (being worn) Comestibles ('%') o - a cursed slime mold. You die... g - 11 uncursed apples h - 13 uncursed carrots t - an uncursed cream pie i - an uncursed food ration k - 2 cursed melons Scrolls ('?') n - an uncursed scroll of confuse monster q - a cursed scroll of confuse monster m - 2 uncursed scrolls of enchant weapon l - an uncursed scroll of scare monster Potions ('!') r - a cursed potion of healing Rings ('=') j - an uncursed ring of free action (on left hand) Tools ('(') e - an uncursed skeleton key Gems/Stones ('*') w - an uncursed diamond Youngster the Knight's attributes: Background: You were a Gallant, a level 1 female human Knight. You were lawful, on a mission for Lugh who was opposed by Brigit (neutral) and Manannan Mac Lir (chaotic). You were left-handed. You were in the Dungeons of Doom, on level 4. You entered the dungeon 893 turns ago. You had 2 experience points, 18 more were needed to attain level 2. Basics: You had 0 out of 16 hit points. You had all 4 energy points (spell power). Your armor class was 1. Your wallet contained 41 zorkmids. Autopickup was on for '$?!"=/*' plus thrown, with exceptions. Final Characteristics: Your strength was 14 (limit:18/100). Your dexterity was 8 (limit:18). Your constitution was 12 (limit:18). Your intelligence was 8 (limit:18). Your wisdom was 15 (limit:18). Your charisma was 18 (limit:18). Final Status: You weren't hungry. You were unencumbered. You were wielding a long sword. You had basic skill with long sword. Final Attributes: You were devoutly aligned. You could jump. You were guarded. You had free action. You are dead. Miscellaneous: You never encountered a bones level. Total elapsed playing time was 15 minutes and 53 seconds. Major events: Turn 1: youngster the lawful female human Knight entered the dungeon 852: entered the Gnomish Mines 893: killed by a goblin Vanquished creatures: 2 gnomes 2 geckos 3 jackals a fox a goblin a sewer rat a grid bug a lichen 2 kobold zombies a newt 15 creatures vanquished. No species were genocided or became extinct. Voluntary challenges: You were an atheist. You were illiterate. You never engraved Elbereth. You never genocided any monsters. You never polymorphed an object. You never changed form. You used no wishes. Achievement: You entered the Gnomish Mines. The Dungeons of Doom: levels 1 to 4 Level 1: Level 2: Some fountains. Level 3: Level 4: <- You were here. Stairs down to The Gnomish Mines. Final resting place for you, killed by a goblin. The Gnomish Mines: Level 5: Game over: ---------- / \ / REST \ / IN \ / PEACE \ / \ | youngster | | 41 Au | | killed by a | | goblin | | | | | | 2024 | *| * * * | * _________)/\\_//(\/(/\)/\//\/|_)_______ Fare thee well youngster the Knight... You died in The Dungeons of Doom on dungeon level 4 with 245 points, and 41 pieces of gold, after 893 moves. You were level 1 with a maximum of 16 hit points when you died.